 Dungeon Crawl Stone Soup version 0.29-a0-490-g77b3608bb8 (webtiles) character file.

Game seed: 13513653509305088843

18806 hquester the Spry (level 12, -2/63 HPs)
             Began as a Spriggan Hunter on May 26, 2022.
             Was the Champion of Okawaru.
             Killed from afar by a molten gargoyle (26 damage)
             ... with a bolt of magma
             ... in a volcano.
             The game lasted 01:06:54 (11600 turns).

hquester the Spry (Spriggan Hunter)                Turns: 11600, Time: 01:06:54

Health: -2/63      AC:  9    Str: 15    XL:     12   Next: 31%
Magic:  13/13      EV: 37    Int: 14    God:    Okawaru [******]
Gold:   681        SH:  0    Dex: 28    Spells: 11/11 levels left

rFire   . . .      SeeInvis +   u - +4 arbalest (flame)
rCold   . . .      Faith    .   (shield currently unavailable)
rNeg    . . .      Spirit   .   v - +5 robe "Ymoguil" {Dex+6}
rPois   +          Reflect  .   (helmet restricted)
rElec   +          Harm     .   y - +1 cloak of the First Xeniums {Rampage rElec MP-9 Str+2}
rCorr   .          Rampage  +   (gloves unavailable)
Will    ++++.      Rage     50% (boots unavailable)
Stlth   +++++++...              g - necklace of Bloodlust {*Rage Will++ Int-3 Slay+6}
HPRegen 0.20/turn               K - +4 ring of slaying
MPRegen 0.13/turn               w - ring of Odej {rPois rF- MP+9 Str+6 Int+5 Stlth+}

@: very quick
A: very small, no large weapons, unfitting armour, see invisible, speed 3,
antennae 1, claws 1, fire resistance 1
a: Renounce Religion, Heroism, Finesse, Duel


You were in a volcano.
You worshipped Okawaru.
Okawaru was exalted by your worship.
You visited 3 branches of the dungeon, and saw 15 of its levels.
You also visited: Volcano.

You collected 681 gold pieces.

Inventory:

Hand Weapons
 k - a +5 vorpal hand crossbow
 u - a +4 arbalest of flaming (weapon)
Armour
 v - the +5 robe "Ymoguil" (worn) {Dex+6}
   (You found it on level 6 of the Dungeon)

   Dex:       It affects your dexterity (+6).
 y - the +1 cloak of the First Xeniums (worn) {Rampage rElec MP-9 Str+2}
   (Okawaru gifted it to you on level 10 of the Dungeon)

   Str:       It affects your strength (+2).
   rElec:     It insulates you from electricity.
   MP:        It affects your magic capacity (-9).
   Rampage:   It bestows one free step when moving towards enemies.
Jewellery
 b - an amulet of the acrobat
 g - the necklace of Bloodlust (around neck) {*Rage Will++ Int-3 Slay+6}
   (You found it on level 2 of the Dungeon)

   [amulet of nothing]

   It extends the wearer's berserk rage when killing foes.
   Int:       It affects your intelligence (-3).
   Slay:      It affects your accuracy & damage with ranged weapons and melee
   (+6).
   *Rage:     It berserks you when you make melee attacks (+50% chance).
   Will:      It greatly increases your willpower.
 o - a ring of resist corrosion
 q - a ring of willpower
 w - the ring of Odej (right claw) {rPois rF- MP+9 Str+6 Int+5 Stlth+}
   (You found it on level 5 of the Dungeon)

   [ring of strength]

   Str:       It affects your strength (+6).
   Int:       It affects your intelligence (+5).
   rF:        It makes you vulnerable to fire.
   rPois:     It protects you from poison.
   MP:        It affects your magic capacity (+9).
   Stlth:     It makes you more stealthy.
 x - the ring "Ywefre Gyun" {rF+ rN+ Int+3}
   (You found it on level 5 of the Dungeon)

   [ring of protection from fire]

   Int:       It affects your intelligence (+3).
   rF:        It protects you from fire.
   rN:        It protects you from negative energy.
 J - a ring of ice
 K - a +4 ring of slaying (left claw)
 L - a +4 ring of slaying
Wands
 a - a wand of acid (9)
 D - a wand of polymorph (4)
Scrolls
 c - 3 scrolls of immolation
 d - 4 scrolls of teleportation
 m - a scroll of silence
 n - 2 scrolls of enchant weapon
 p - 2 scrolls of magic mapping
 s - 4 scrolls of amnesia
 B - 5 scrolls of poison
 C - 3 scrolls of fear
 E - a scroll of enchant armour
 I - 2 scrolls of blinking
Potions
 e - 2 potions of cancellation
 f - 4 potions of might
 h - 7 potions of curing
 i - 2 potions of resistance
 j - 5 potions of mutation
 l - 3 potions of flight
 r - a potion of brilliance
 t - a potion of invisibility {unknown}
 z - 2 potions of lignification
 A - a potion of heal wounds {unknown}
 F - 3 potions of magic
 G - a potion of haste {unknown}
 H - a potion of attraction {unknown}


   Skills:
 + Level 7.2 Fighting
 * Level 12.6 Crossbows
 * Level 15.4 Dodging
 + Level 13.0 Stealth


You had 11 spell levels left.
You didn't know any spells.
Your spell library contained the following spells:

 Spells                   Type           Power      Damage    Failure   Level
 Beastly Appendage        Tmut           0%         N/A       28%         1
 Wereblood                Tmut           0%         N/A       41%         2
 Frozen Ramparts          Ice            0%         1d2       65%         3
 Gell's Gravitas          Tloc           0%         N/A       65%         3
 Lesser Beckoning         Tloc           0%         N/A       65%         3
 Spider Form              Tmut/Pois      0%         N/A       65%         3
 Stone Arrow              Conj/Erth      0%         3d7       65%         3
 Teleport Other           Tloc           0%         N/A       65%         3
 Corpse Rot               Necr/Pois/Air  0%         N/A       96%         4
 Dispel Undead            Necr           0%         3d6       96%         4
 Ice Form                 Ice/Tmut       0%         N/A       96%         4
 Lehudib's Crystal Spear  Conj/Erth      0%         10d2      100%        8
 Animate Armour           Summ/Erth      Unusable   N/A       N/A         4
 Summon Ice Beast         Ice/Summ       Unusable   N/A       N/A         4
 Death Channel            Necr           Unusable   N/A       N/A         6

Dungeon Overview and Level Annotations

Branches:
Dungeon (12/15)            Temple (1/1) D:4            Lair (2/6) D:8
Volcano (1/1)
  Swamp: Lair:2-4    Shoals: Lair:2-4     Snake: Lair:2-4    Spider: Lair:2-4
    Orc: D:9-12

Altars:
Ashenzari
Cheibriados
Dithmenos
Elyvilon
Fedhas
Gozag
Hepliaklqana
Kikubaaqudgha
Makhleb
Nemelex Xobeh
Okawaru
Qazlal
Ru
Sif Muna
Trog
Uskayaw
Vehumet
Wu Jian
Xom
Yredelemnul
Zin
The Shining One

Shops:
D:4 (

Portals:
Trove: D:10 (give +3 shadow dragon scales)


Innate Abilities, Weirdness & Mutations

You are very small and have problems with some larger weapons.
You are too small for most types of armour.
You have supernaturally acute eyesight. (SInv)
You cover ground extremely quickly. (Speed+++)
You have a pair of small antennae on your head.
You have sharp fingernails.
Your flesh is heat resistant. (rF+)


Message History

Really walk into a travel-excluded area?
Shoot: u) +4 arbalest (flame)
Press: ? - help, Q - select action, (/) - cycle Shift-Dir - straight line, f - molten gargoyle
Aim: a molten gargoyle, wielding a +3 flail of venom (wandering, hasn't noticed you, 84% to hit)
You shoot a bolt.
The bolt barely misses the molten gargoyle.
Shoot: u) +4 arbalest (flame)
Press: ? - help, Q - select action, (/) - cycle Shift-Dir - straight line, f - you
Okay, then.
Shoot: u) +4 arbalest (flame)
Press: ? - help, Q - select action, (/) - cycle Shift-Dir - straight line, f/p - molten gargoyle
Aim: a molten gargoyle, wielding a +3 flail of venom (84% to hit)
You shoot a bolt. The bolt hits the molten gargoyle!
The molten gargoyle is moderately damaged.
Shoot: u) +4 arbalest (flame)
Press: ? - help, Q - select action, (/) - cycle Shift-Dir - straight line, f/p - molten gargoyle
Aim: a molten gargoyle, wielding a +3 flail of venom (moderately damaged, 84% to hit)
You shoot a bolt.
The bolt hits the molten gargoyle but does no damage.
The molten gargoyle is moderately damaged.
The molten gargoyle blasts magma at you!
The bolt of magma misses you.
Shoot: u) +4 arbalest (flame)
Press: ? - help, Q - select action, (/) - cycle Shift-Dir - straight line, f/p - molten gargoyle
Aim: a molten gargoyle, wielding a +3 flail of venom (moderately damaged, 84% to hit)
You shoot a bolt. The bolt hits the molten gargoyle.
The molten gargoyle is heavily damaged.
The molten gargoyle blasts magma at you!
The bolt of magma hits you!
Shoot: u) +4 arbalest (flame)
Press: ? - help, Q - select action, (/) - cycle Shift-Dir - straight line, f/p - molten gargoyle
Aim: a molten gargoyle, wielding a +3 flail of venom (heavily damaged, 84% to hit)
You shoot a bolt.
The bolt hits the molten gargoyle but does no damage.
The molten gargoyle is heavily damaged.
The molten gargoyle hits you with a +3 flail of venom!!
You are engulfed in flames!
The molten gargoyle misses you.
The molten gargoyle blasts magma at you!
The bolt of magma hits you!!
You die...

##§§§≈≈≈≈#...#
#≈≈≈≈≈≈≈#....#
#≈≈≈≈≈≈≈#...##
#≈≈)≈§)#...##
#≈≈≈≈#[...## #≈≈)#..####
#.#.9.## #....##
##'@############
#.............#
#....(..(.....#
#########'##'###..#
#8...8# #[##.# #..#
#.....# ###### #..#
####.....##########..###
......⌠)......).)....≈≈#
....8...8............≈≈#


You could see a molten gargoyle.

Vanquished Creatures
  A red draconian (Volcano)
  Fannar (D:11)
  A hydra (D:11)
  A two-headed ogre (D:9)
  3 boulder beetles
  A deep elf pyromancer (Volcano)
  2 cyclopes (Volcano)
  A manticore (D:11)
  A molten gargoyle (Volcano)
  A black mamba (Lair:1)
  2 gargoyles (Volcano)
  A cane toad (Lair:2)
  Maggie (D:9)
  4 komodo dragons
  An unseen horror (D:11)
  An efreet (Volcano)
  A kobold demonologist (D:11)
  A troll (D:9)
  3 wraiths
  2 wyverns
  32 yaks
  2 steam dragons (D:9)
  2 wargs (D:8)
  6 water moccasins
  2 orc warriors (D:8)
  2 black bears
  A sky beast (D:8)
  2 ogres
  A centaur (D:7)
  3 phantoms
  2 kobold brigands (D:11)
  A necrophage (D:8)
  3 bullfrogs
  3 scorpions
  12 howler monkeys
  2 jellies
  Crazy Yiuf (D:6)
  A gnoll shaman (D:8)
  6 orc priests
  An iguana (D:7)
  Terence (D:2)
  11 orc wizards
  13 gnolls
  8 adders
  A shadow imp (D:5)
  5 white imps
  3 ufetubi
  5 dart slugs
  29 orcs
  10 bats
  7 endoplasms
  4 giant cockroaches (D:1)
  6 hobgoblins
  7 jackals
  10 kobolds
  4 quokkas
  7 ball pythons
  2 frilled lizards (D:1)
  8 goblins
  A toadstool (D:1)
257 creatures vanquished.

Vanquished Creatures (others)
  2 fungi (D:6)
  3 toadstools (D:1)
5 creatures vanquished.

Grand Total: 262 creatures vanquished

Notes
Turn   | Place    | Note
-------+----------+-------------------------------------------
     0 | D:1      | hquester the Spriggan Hunter began the quest for the Orb.
     0 | D:1      | Reached XP level 1. HP: 10/10 MP: 2/2
    75 | D:1      | You fall into a shaft and drop 1 floor!
   129 | D:2      | Reached skill level 3 in Dodging
   136 | D:2      | Reached XP level 2. HP: 15/15 MP: 3/3
   195 | D:2      | Found the necklace of Bloodlust {*Rage Will++ Int-3 Slay+6}
   493 | D:2      | Found a faded altar of an unknown god.
   495 | D:2      | Reached XP level 3. HP: 18/18 MP: 4/4
   505 | D:2      | Noticed Terence
   510 | D:2      | Killed Terence
   686 | D:2      | Reached skill level 4 in Dodging
   686 | D:2      | Reached XP level 4. HP: 23/23 MP: 5/5
  2011 | D:3      | Reached XP level 5. HP: 12/26 MP: 6/6
  2062 | D:3      | Reached skill level 5 in Crossbows
  2956 | D:4      | Reached skill level 5 in Dodging
  3048 | D:4      | Reached XP level 6. HP: 32/32 MP: 7/7
  3117 | D:4      | Found a staircase to the Ecumenical Temple.
  3192 | D:4      | Found an ornate altar of the Wu Jian Council.
  3296 | D:4      | Found Ligek's Weapon Shoppe.
  3392 | Temple   | Entered the Ecumenical Temple
  3709 | Temple   | Became a worshipper of Warmaster Okawaru
  3777 | D:5      | Entered Level 5 of the Dungeon
  3801 | D:5      | Identified the ring of Odej {rPois rF- MP+9 Str+6 Int+5
                  | Stlth+}
  3949 | D:5      | Reached skill level 6 in Dodging
  4002 | D:5      | Reached * piety under Okawaru
  4003 | D:5      | Reached XP level 7. HP: 13/35 MP: 8/8
  4229 | D:5      | Identified the ring "Ywefre Gyun" {rF+ rN+ Int+3}
  4239 | D:5      | Reached skill level 5 in Stealth
  4328 | D:5      | Reached skill level 7 in Dodging
  4897 | D:6      | Reached ** piety under Okawaru
  4944 | D:6      | Reached XP level 8. HP: 36/40 MP: 9/9
  5028 | D:6      | Identified the +5 robe "Ymoguil" {Dex+6}
  5051 | D:6      | Found a glowing silver altar of Zin.
  5123 | D:6      | Reached skill level 8 in Dodging
  5402 | D:6      | Found a runed translucent door.
  5403 | D:6      | Noticed Crazy Yiuf
  5419 | D:6      | Killed Crazy Yiuf
  5678 | D:7      | Reached *** piety under Okawaru
  5679 | D:7      | Reached skill level 9 in Dodging
  6123 | D:7      | Reached XP level 9. HP: 43/45 MP: 10/10
  6526 | D:8      | Reached skill level 10 in Dodging
  6780 | D:8      | Reached **** piety under Okawaru
  6804 | D:8      | Found a staircase to the Lair.
  7020 | D:8      | Identified a scroll of acquirement
  7020 | D:8      | Acquired a +5 vorpal hand crossbow
  7462 | D:8      | Reached ***** piety under Okawaru
  7463 | D:8      | Reached skill level 11 in Dodging
  7726 | D:9      | Reached skill level 5 in Fighting
  7735 | D:9      | Noticed a two-headed ogre
  7739 | D:9      | Received a gift from Okawaru
  7740 | D:9      | Reached XP level 10. HP: 51/51 MP: 11/11
  7747 | D:9      | Killed a two-headed ogre
  7811 | D:9      | Noticed a boulder beetle
  7842 | D:9      | Killed a boulder beetle
  7842 | D:9      | Received a gift from Okawaru
  7901 | D:9      | Reached skill level 10 in Crossbows
  7912 | D:9      | Reached skill level 12 in Dodging
  7915 | D:9      | Reached skill level 10 in Stealth
  8048 | D:9      | Noticed Maggie
  8059 | D:9      | Killed Maggie
  8438 | D:10     | Entered Level 10 of the Dungeon
  8847 | D:10     | Received a gift from Okawaru
  8850 | D:10     | Reached XP level 11. HP: 56/56 MP: 12/12
  8851 | D:10     | Reached skill level 13 in Dodging
  8864 | D:10     | Gained mutation: Your body sometimes deteriorates upon
                  | taking damage. [potion of mutation]
  8864 | D:10     | Gained mutation: You are frail. (-10% HP) [potion of
                  | mutation]
  8864 | D:10     | Gained mutation: You possess an exceptional clarity of
                  | mind. [potion of mutation]
  8864 | D:10     | Gained mutation: You have a pair of small antennae on your
                  | head. [potion of mutation]
  8865 | D:10     | Lost mutation: You possess an exceptional clarity of mind.
                  | [potion of mutation]
  8865 | D:10     | Lost mutation: Your body sometimes deteriorates upon taking
                  | damage. [potion of mutation]
  8865 | D:10     | Lost mutation: You are frail. (-10% HP) [potion of
                  | mutation]
  8865 | D:10     | Gained mutation: Your flesh is heat resistant. (rF+)
                  | [potion of mutation]
  8865 | D:10     | Gained mutation: You have sharp fingernails. [potion of
                  | mutation]
  9155 | D:10     | Identified the +1 cloak of the First Xeniums {Rampage rElec
                  | MP-9 Str+2} (Okawaru gifted it to you on level 10 of the
                  | Dungeon)
  9155 | D:10     | Received a gift from Okawaru
  9249 | D:10     | Found a portal to a secret trove of treasure.
  9766 | D:11     | Noticed a boulder beetle
  9779 | D:11     | Killed a boulder beetle
  9805 | D:11     | Reached skill level 14 in Dodging
  9822 | D:11     | Noticed a boulder beetle
  9838 | D:11     | Killed a boulder beetle
  9838 | D:11     | Reached ****** piety under Okawaru
  9862 | D:11     | Noticed an eight-headed hydra
  9866 | D:11     | Killed an eight-headed hydra
  9891 | D:11     | Noticed Fannar
  9900 | D:11     | Killed Fannar
 10205 | D:12     | Noticed a deep elf pyromancer
 10300 | Lair:1   | Entered Level 1 of the Lair of Beasts
 11291 | Lair:2   | Reached XP level 12. HP: 62/62 MP: 13/13
 11307 | Lair:2   | Found a dark tunnel.
 11346 | Volcano  | Entered a volcano
 11356 | Volcano  | Reached skill level 15 in Dodging
 11511 | Volcano  | Received a gift from Okawaru
 11554 | Volcano  | Noticed a red draconian
 11567 | Volcano  | Killed a red draconian
 11569 | Volcano  | Noticed an orb of fire
 11600 | Volcano  | Killed from afar by a molten gargoyle

Illustrated notes

Levels and vault maps discovered:
D:1:      ldierk_water_garden, layout_basic
D:2:      minmay_general_purpose_star, layout_basic,
          ebering_ecumenical_altar_webs, uniq_terence
D:3:      layout_basic, kennysheep_minor_cross
D:4:      layout_gridville, mainiacjoe_overflow_six_doors_small,
          minmay_temple_entry_mini_moons, serial_shops,
          nicolae_shop_bloodbath_and_beyond, minmay_hedge_maze
D:5:      layout_cave_pools
D:6:      layout_cave_pools, mainiacjoe_overflow_surrounded_room,
          uniq_crazy_yiuf_cottage
D:7:      layout_layer_cave
D:8:      layout_basic, erik_lair_orcish_takeover
D:9:      layout_cave_pools, uniq_maggie
D:10:     layout_irregular_city, nicolae_trove_entry_crystal,
          minmay_statues_item, hangedman_abyss_or_decor_passed,
          roderic_filled_cross
D:11:     layout_irregular_city, uniq_fannar
D:12:     layout_rooms, erik_orc_1, kennysheep_generic_room_7
Temple:   mainiacjoe_temple_cubbyholes
Lair:1:   layout_cave_pods, hangedman_lair_unloving_vines, grunt_megastairs_1
Lair:2:   layout_regular_city, nicolae_volcano_entry_two_sided
Volcano:  hellmonk_zot_springs

Skill      XL: |  1  2  3  4  5  6  7  8  9 10 11 12 |
---------------+-------------------------------------+-----
Stealth        | 2 3 4 6 7 9 10 12 13 | 13.0
Dodging        | 3 4 5 6 7 9 11 12 14 15 | 15.4
Fighting       | 2 3 4 5 6 7 |  7.2
Crossbows      | 5 6 8 9 10 12 | 12.6

Action                   |  1- 3 |  4- 6 |  7- 9 | 10-12 || total
-------------------------+-------+-------+-------+-------++-------
 Fire: Hand crossbow     |    53 |   144 |   274 |    18 ||   489
       Arbalest          |       |       |       |   226 ||   226
  Use: Scroll            |       |     5 |    16 |     3 ||    24
       Potion            |       |       |       |     2 ||     2
Armor: Robe              |     1 |     2 |     2 |     1 ||     6
Dodge: Dodged            |     8 |    24 |    67 |    41 ||   140

Table legend: (Time is in decaauts)
 A = Elapsed time spent in this place.
 B = Non-inter-level travel time spent in this place.
 C = Inter-level travel time spent in this place.
 D = Time resting spent in this place.
 E = Time spent auto-exploring this place.
 F = Levels seen in this place.
 G = Mean time per level.
                   A        B        C        D        E       F      G
               +--------+--------+--------+--------+--------+-----+--------+
         Total |   8074 |   7536 |    538 |    703 |   5038 |  16 |  504.6 |
       Dungeon |   6952 |   6479 |    473 |    552 |   4370 |  12 |  579.3 |
        Temple |    231 |    189 |     42 |      0 |    179 |   1 |  231.0 |
          Lair |    653 |    631 |     22 |      9 |    487 |   2 |  326.5 |
       Volcano |    236 |    236 |      0 |    142 |      0 |   1 |  236.0 |
               +--------+--------+--------+--------+--------+-----+--------+

Top non-repeatable levels by time:
     D:8: 1028 daAuts
     D:5: 817 daAuts
    D:10: 687 daAuts
     D:3: 681 daAuts
     D:7: 664 daAuts
     D:2: 614 daAuts
    D:11: 613 daAuts
     D:1: 583 daAuts
  Lair:1: 555 daAuts
     D:6: 456 daAuts
     D:4: 419 daAuts
     D:9: 384 daAuts
 Volcano: 236 daAuts
  Temple: 231 daAuts
  Lair:2: 98 daAuts
